 Dungeon Sprint DCSS version 0.32-a0-918-g0f22ef8d61 (webtiles) character file.

Game seed: 11763599399790323319

4088 Griffin23 the Fencer (level 10, -8/151 HPs)
             Began as a Minotaur Berserker on Apr 12, 2024.
             Was a High Priest of Trog.
             Mangled by Duvessa
             ... wielding a +2 great sword of freezing
              (21 damage)
             ... in the Dungeon (Sprint III: "The Ten Rune Challenge").
             The game lasted 00:07:57 (2089 turns).

Griffin23 the Fencer (Minotaur Berserker)           Turns: 2089, Time: 00:08:15

Health: -8/151     AC: 15    Str: 26    XL:     10   Next: 5%
Magic:  9/9        EV: 10    Int:  4    God:    Trog [*****.]
Gold:   1612       SH:  0    Dex: 10    Spells: 9/9 levels left

rFire   . . .        k - +2 double sword (heavy)
rCold   . . .        (no shield)
rNeg    . . .        d - +0 plate armour
rPois   .            (helmet restricted)
rElec   .            (no cloak)
rCorr   .            (no gloves)
SInv    .            (no boots)
Will    .....        (no amulet) Stlth
                     (no ring)
HPRegen 0.45/turn    (no ring)
MPRegen 0.11/turn

%: no teleportation
@: berserking, slowed
A: horns 2, retaliatory headbutt
a: Renounce Religion, Berserk, Trog's Hand, Brothers in Arms


You were in the Dungeon.
You worshipped Trog.
Trog was extremely pleased with you.
You visited 1 branch You collected 1612 gold pieces.

Inventory:

Hand Weapons
 a - a +0 falchion
 k - a +2 heavy double sword (weapon)
 o - a +0 long sword of holy wrath
 r - a +0 scimitar
 u - a +1 great sword of flaming
Missiles
 s - 2 boomerangs (quivered)
Armour
 b - a +0 animal skin
 d - a +0 plate armour (worn)
 t - a +0 chain mail
Wands
 p - a wand of mindburst (16)
 q - a wand of light (6)
Scrolls
 h - 2 scrolls of blinking
 j - a scroll of poison
 m - a scroll of immolation
Potions
 e - a potion of haste
 f - 2 potions of magic
 g - a potion of berserk rage
 i - 5 potions of mutation
 l - a potion of ambrosia
 n - a potion of enlightenment {unknown}


   Skills:
 + Level 13.2 Fighting
 * Level 17.8 Long Blades
 + Level 12.9 Armour
 + Level 11.9 Dodging


You had 9 spell levels left.
You didn't know any spells.
Your spell library was empty.

Dungeon Overview and Level Annotations

Branches:
Dungeon (1/1)

Altars:
Cheibriados
Dithmenos
Elyvilon
Fedhas
Gozag
Hepliaklqana
Kikubaaqudgha
Makhleb
Nemelex Xobeh
Okawaru
Qazlal
Ru
Sif Muna
Trog
Uskayaw
Vehumet
Wu Jian
Xom
Yredelemnul
Zin
The Shining One
Beogh
Jiyva
Lugonu

Shops:
D *

Annotations:
D Duvessa


Innate Abilities, Weirdness & Mutations

You have a pair of horns on your head.
You reflexively headbutt those who attack you in melee.


Message History

Duvessa freezes you. Dowan casts a spell at you. The bolt of fire hits you!!
Duvessa hits you with a +2 great sword of freezing.
Duvessa freezes you. Dowan casts a spell at you.
You struggle to resist.
You feel better.
Dowan hits you with a +1 morningstar of distortion.
Duvessa barely misses you.
A red film seems to cover your vision as you go berserk!
You feel yourself moving faster!
You feel mighty!
Dowan casts a spell at Duvessa.
Duvessa seems to speed up.
Duvessa barely misses you. You furiously retaliate!
You headbutt Duvessa. Duvessa hits you but does no damage.
Dowan hits you with a +1 morningstar of distortion.
Space warps around you.
You are too injured to fight recklessly!
You are too injured to fight recklessly!
You are too injured to fight recklessly!
You cut Dowan into ribbons!!!
Dowan is almost dead.
Duvessa hits you with a +2 great sword of freezing.
Duvessa freezes you. Dowan gestures at you while chanting.
The bolt of fire hits you!!!
* * * LOW HITPOINT WARNING * * *
Duvessa hits you with a +2 great sword of freezing.
* * * LOW HITPOINT WARNING * * *
Duvessa freezes you.
* * * LOW HITPOINT WARNING * * *
You are too berserk!
You slice Dowan!!
You kill Dowan!
Trog accepts your kill.
Trog appreciates your killing of a magic user.
Duvessa screams, "No!
How DARE you!"
Duvessa goes berserk!
Duvessa hits you with a +2 great sword of freezing!!
You die...

'#####################
....#.#.#.....#.^....+
#.#..#.##.###.#..^.^.#
##)#)#.##)#.)##.^....#
.).#..#..##..'^......#
▓▓▓▓▓▓▓▓▓▓▓▓▓#.)..^..#
~~~...#.†)...^#
♣P.'.^.^...#
♣PP#.)@...^# ♣♣
##e###### #... #...#
#..e# #####


You could see Duvessa (berserk, fast).

Vanquished Creatures
  Dowan (D)
  Erolcha (D)
  A deep elf pyromancer (D)
  An orc sorcerer (D)
  A shadow (D)
  2 redbacks (D)
  A spatial vortex (D)
  2 orc warriors (D)
  5 two-headed ogres (D)
  A weeping skull (D)
  A scorpion (D)
  A water elemental (D)
  A burial acolyte (D)
  A wight (D)
  A jelly (D)
  Jessica (D)
  An orc wizard (D)
  3 humans (D)
  A kobold demonologist (D)
  9 orcs (D)
  2 endoplasms (D)
  A rat (D)
39 creatures vanquished.

Vanquished Creatures (collateral kills)
  An orc sorcerer (D)
  An orc warrior (D)
  An orc wizard (D)
  An orc (D)
4 creatures vanquished.

Grand Total: 43 creatures vanquished

Notes
Turn   | Place    | Note
-------+----------+-------------------------------------------
     0 | D        | Griffin23 the Minotaur Berserker began the quest for the
                  | Orb.
     0 | D        | Reached XP level 1. HP: 19/19 MP: 0/0
     6 | D        | Reached skill level 4 in Long Blades
    59 | D        | Noticed Jessica
    60 | D        | Reached ** piety under Trog
    65 | D        | Killed Jessica
    66 | D        | Reached skill level 5 in Fighting
    66 | D        | Reached skill level 5 in Long Blades
    66 | D        | Reached XP level 2. HP: 27/29 MP: 1/1
    66 | D        | Reached XP level 3. HP: 34/36 MP: 2/2
   136 | D        | Reached skill level 6 in Long Blades
   313 | D        | Noticed a scorpion
   327 | D        | Killed a scorpion
   328 | D        | Reached skill level 7 in Long Blades
   328 | D        | Reached skill level 5 in Armour
   328 | D        | Reached XP level 4. HP: 44/44 MP: 3/3
   381 | D        | Noticed a water elemental
   385 | D        | Killed a water elemental
   386 | D        | Reached skill level 8 in Long Blades
   386 | D        | Reached skill level 5 in Dodging
   386 | D        | Reached XP level 5. HP: 51/51 MP: 4/4
   500 | D        | Found a radiant altar of Vehumet.
   500 | D        | Found a shimmering blue altar of Sif Muna.
   500 | D        | Found an ancient bone altar of Kikubaaqudgha.
   503 | D        | Reached *** piety under Trog
   504 | D        | Reached skill level 9 in Long Blades
   506 | D        | Noticed a sun demon
   596 | D        | Found a glowing silver altar of Zin.
   596 | D        | Found a glowing golden altar of the Shining One.
   596 | D        | Found a white marble altar of Elyvilon.
   597 | D        | Noticed a deep elf pyromancer
   603 | D        | Killed a deep elf pyromancer
   603 | D        | Reached **** piety under Trog
   604 | D        | Reached skill level 12 in Long Blades
   604 | D        | Reached XP level 6. HP: 64/64 MP: 5/5
   604 | D        | Reached XP level 7. HP: 70/70 MP: 6/6
   659 | D        | Found a hide-covered altar of Uskayaw.
   659 | D        | Found a roughly hewn altar of Beogh.
   659 | D        | Found an iron altar of Okawaru.
   659 | D        | Found a bloodstained altar of Trog.
   659 | D        | Found an ornate altar of the Wu Jian Council.
   659 | D        | Noticed a human
   659 | D        | Noticed a human
   665 | D        | Killed a human
   666 | D        | Reached skill level 13 in Long Blades
   671 | D        | Killed a human
   672 | D        | Reached skill level 10 in Fighting
   919 | D        | Found a basalt altar of Yredelemnul.
   919 | D        | Found a shadowy altar of Dithmenos.
   919 | D        | Found a sacrificial altar of Ru.
   925 | D        | Reached XP level 8. HP: 79/79 MP: 7/7
   985 | D        | Reached skill level 14 in Long Blades
   985 | D        | Reached skill level 10 in Armour
   994 | D        | Found a blossoming altar of Fedhas.
   994 | D        | Found a stormy altar of Qazlal.
   994 | D        | Found a snail-covered altar of Cheibriados.
   994 | D        | Found a burning altar of Makhleb.
   994 | D        | Found a shimmering altar of Xom.
   997 | D        | Found a hazy altar of Hepliaklqana.
   997 | D        | Found an opulent altar of Gozag.
   997 | D        | Found a sparkling altar of Nemelex Xobeh.
   997 | D        | Found a corrupted altar of Lugonu.
   997 | D        | Found a viscous altar of Jiyva.
  1013 | D        | Reached ***** piety under Trog
  1225 | D        | Noticed a two-headed ogre
  1233 | D        | Killed a two-headed ogre
  1234 | D        | Reached skill level 15 in Long Blades
  1234 | D        | Reached skill level 10 in Dodging
  1279 | D        | Noticed Erolcha
  1280 | D        | Noticed a two-headed ogre
  1283 | D        | Killed Erolcha
  1284 | D        | Reached skill level 16 in Long Blades
  1284 | D        | Reached XP level 9. HP: 90/90 MP: 8/8
  1291 | D        | Killed a two-headed ogre
  1519 | D        | Found Inganux's Assorted Antiques.
  1519 | D        | Noticed an orc sorcerer
  1519 | D        | Noticed an orc sorcerer
  1554 | D        | Received a gift from Trog
  1579 | D        | Reached skill level 17 in Long Blades
  1579 | D        | Killed an orc sorcerer
  1773 | D        | Received a gift from Trog
  1775 | D        | Paralysed by an orc sorcerer for 4 turns
  1787 | D        | Killed an orc sorcerer
  1788 | D        | Reached XP level 10. HP: 45/101 MP: 9/9
  2001 | D        | Received a gift from Trog
  2044 | D        | Noticed a deep elf zephyrmancer
  2044 | D        | Noticed a deep elf knight
  2044 | D        | Noticed a deep elf pyromancer
  2044 | D        | Noticed a deep elf pyromancer
  2044 | D        | Noticed a deep elf zephyrmancer
  2082 | D        | Noticed Dowan
  2082 | D        | Noticed Duvessa
  2089 | D        | Killed Dowan
  2089 | D        | Mangled by Duvessa

Illustrated notes

Levels and vault maps discovered:
D:        dungeon_sprint_mu [sprint_mu_entry_forest, sprint_mu_temple_rooms,
          sprint_mu_d1_spiders, sprint_mu_d2_genie, sprint_mu_d3_branching,
          sprint_mu_orc_legion, sprint_mu_elf_gauntlet, sprint_mu_hive_nellie,
          sprint_mu_lair_fedhas, sprint_mu_vaults_butterflies,
          sprint_mu_slime_circle, sprint_mu_shoals_archi,
          sprint_mu_snake_twists, sprint_mu_blade_basic,
          sprint_mu_crypt_chambers, sprint_mu_tomb_spiral,
          sprint_mu_vestibule_basic, sprint_mu_gehenna_hellfire,
          sprint_mu_dis_giant, sprint_mu_tartarus_statrot,
          sprint_mu_cocytus_islands, sprint_mu_zot1]

Skill      XL: |  1  2  3  4  5  6  7  8  9 |
---------------+----------------------------+-----
Fighting       | 5 6 9 10 12 13 | 13.2
Long Blades    | 5 7 8 12 13 16 17 | 17.8
Armour         | 3 5 8 9 11 12 | 12.9
Dodging        | 3 4 5 8 10 11 | 11.9

Action                     |  1- 3 |  4- 6 |  7- 9 | 10-12 || total
---------------------------+-------+-------+-------+-------++-------
  Melee: Falchion          |    23 |    14 |       |       ||    37
         Headbutt          |     3 |     3 |    26 |     1 ||    33
         Long sword        |       |       |    88 |     2 ||    90
         Double sword      |       |       |       |     6 ||     6
         Great sword       |       |       |       |     3 ||     3
 Invoke: Berserk           |     3 |     3 |     8 |     1 ||    15
         Brothers in Arms  |       |       |     1 |       ||     1
    Use: Potion            |       |       |     2 |     1 ||     3
         Scroll            |       |       |       |     3 ||     3
 Armour: Animal skin       |    12 |     5 |    35 |       ||    52
         Plate armour      |       |       |       |    12 ||    12
  Dodge: Dodged            |     6 |     4 |    33 |     5 ||    48

Table legend: (Time is in decaauts)
 A = Elapsed time spent in this place.
 B = Non-inter-level travel time spent in this place.
 C = Inter-level travel time spent in this place.
 D = Time resting spent in this place.
 E = Time spent auto-exploring this place.
 F = Levels seen in this place.
 G = Mean time per level.
                   A        B        C        D        E       F      G
               +--------+--------+--------+--------+--------+-----+--------+
         Total |   2218 |   2204 |     14 |   1424 |    327 |   1 | 2218.0 |
       Dungeon |   2218 |   2204 |     14 |   1424 |    327 |   1 | 2218.0 |
               +--------+--------+--------+--------+--------+-----+--------+

Top non-repeatable levels by time:
       D: 2218 daAuts
